 Dungeon Crawl Stone Soup version 0.31.0-1-g2c135a008e (webtiles) character file.

Game seed: 17098818317755329935

130 qw the Shooter (level 5, -1/40 HPs)
             Began as a Djinni Hunter on Jan 23, 2024.
             Slain by a gnoll
             ... wielding a +0 spear
              (8 damage)
             ... on level 4 of the Dungeon.
             The game lasted 00:00:06 (1570 turns).

qw the Shooter (Djinni Hunter)                      Turns: 1570, Time: 00:00:07

Health: -1/40      AC:  5    Str: 10    XL:     5   Next: 36%
Gold:   199        EV: 16    Int: 10    God:
                   SH:  5    Dex: 19

rFire   + + .        a - +0 shortbow
rCold   x . .        (shield currently unavailable)
rNeg    . . .        j - +0 ring mail
rPois   inf          (no helmet)
rElec   .            (no cloak)
rCorr   .            (no gloves)
SInv    .            (boots unavailable)
Will    .....        i - amulet of reflection
Stlth   +            c - +5 ring of evasion
HPRegen 0.26/turn    (no ring)
MPRegen 0.00/turn

%: reflection, infuse magic (-2 HP)
@: flying
A: sickness immunity, fire resistance 2, cold vulnerability 1, float, innate
caster, HP casting, extra vitality 1
a: no special abilities


You were on level 4 of the Dungeon.
You visited 1 branch of the dungeon, and saw 4 of its levels.

You collected 199 gold pieces.


Innate Abilities, Weirdness & Mutations

You are immune to sickness and miasma.
You are immune to poison.
Your flesh is very heat resistant. (rF++)
You are vulnerable to cold. (rC-)
You float through the air rather than walking.
You learn spells naturally, not from books.
Your magical power is your life essence.
You have superior vitality. (+4 MHP)


   Skills:
 - Level 3.0 Fighting
 + Level 4.6 Ranged Weapons
 - Level 1.0 Armour
 - Level 2.1 Dodging
 - Level 0.7 Stealth


You knew the following spells:

 Your Spells              Type           Power      Damage    Failure   Level
a - Foxfire               Conj/Fire      0%         2x1d4     67%         1
b - Jinxbite              Hex            0%         N/A       82%         2
Your spell library was empty.

Inventory:

Hand Weapons
 a - a +0 shortbow (weapon)
Armour
 j - a +0 ring mail (worn)
Jewellery
 c - a +5 ring of evasion (left hand)
 i - an amulet of reflection (around neck)
Wands
 f - a wand of acid (6)
Potions
 b - a potion of curing
 d - a potion of lignification {unknown}

Dungeon Overview and Level Annotations

Branches:
Dungeon (4/15)
 Temple: D:4-7

Altars:


Message History

The gnoll is heavily wounded.
The gnoll barely misses you.
You shoot an arrow. The arrow closely misses the gnoll.
The gnoll hits you from afar with a +2 halberd of protection!
You block the gnoll's attack.
A gnoll comes into view. It is wielding a +0 spear.
You shoot an arrow. The gnoll shouts!
The arrow hits the gnoll!
You kill the gnoll!
You shoot an arrow. The arrow barely misses the gnoll.
The gnoll closely misses you.
You shoot an arrow. The arrow barely misses the gnoll. x2
The gnoll hits you from afar with a +0 halberd.
You shoot an arrow. The arrow barely misses the gnoll.
The arrow hits the gnoll.
The gnoll is heavily wounded.
The gnoll misses you. The gnoll closely misses you.
You shoot an arrow. The arrow hits the gnoll.
The gnoll is moderately wounded.
The gnoll misses you.
You shoot an arrow. The arrow hits the gnoll.
The gnoll is moderately wounded.
The gnoll closely misses you. The gnoll barely misses you.
You shoot an arrow. The arrow hits the gnoll.
The gnoll is severely wounded.
You block the gnoll's attack. The gnoll closely misses you.
You shoot an arrow. The arrow barely misses the gnoll.
The gnoll misses you.
The gnoll hits you from afar with a +0 halberd!
The gnoll barely misses you. x2
You shoot an arrow. The arrow closely misses the gnoll.
You block the gnoll's attack.
The gnoll hits you from afar with a +0 halberd.
You shoot an arrow. The arrow hits the gnoll.
The gnoll is almost dead.
The gnoll barely misses you. The gnoll completely misses you.
You shoot an arrow. The arrow barely misses the gnoll.
You block the gnoll's attack. The gnoll misses you.
The gnoll hits you from afar with a +0 spear!
You die...

...#######....##
#....+..............#.
#....#..............+.
###....#...##...##....##
.......#...##...########
.......#...##..........#
#......#...............#
#......#...###+###.##.##
#......@...##..###.####
#....g)#...##.......#
#.!..g)#...##.......#
#...>..#............#
#......#............#
#......#..<.........#
#......###########..#
#...... .### .


You could see 2 gnolls.

Vanquished Creatures
  An iguana (D:4)
  An orc wizard (D:3)
  2 gnolls (D:4)
  An adder (D:3)
  3 orcs (D:3)
  3 ball pythons
  5 endoplasms (D:1)
  5 goblins
  2 hobgoblins
  4 quokkas
  5 bats
  A frilled lizard (D:2)
  7 kobolds
  5 rats
45 creatures vanquished.

Notes
Turn   | Place    | Note
-------+----------+-------------------------------------------
     0 | D:1      | qw the Djinni Hunter began the quest for the Orb.
     0 | D:1      | Reached XP level 1. HP: 18/18 MP: 0/0
     0 | D:1      | 0 ||| qw: Version: 0.3-a-135-gb77e89d
     0 | D:1      | 0 ||| qw: Game counter: 960
     0 | D:1      | 0 ||| qw: Melee chars always use a shield: true
     0 | D:1      | 0 ||| qw: God list: Okawaru
     0 | D:1      | 0 ||| qw: Allow faded altars: false
     0 | D:1      | 0 ||| qw: Do Orc after clearing Dungeon:15 true
     0 | D:1      | 0 ||| qw: Do second Lair branch before Depths: true
     0 | D:1      | 0 ||| qw: Lair rune preference: random
     0 | D:1      | 0 ||| qw: Goals: Normal
     0 | D:1      | 0 ||| PLANNING D:1-11
    64 | D:1      | Reached XP level 2. HP: 22/23 MP: 0/0
   344 | D:1      | Reached XP level 3. HP: 28/28 MP: 0/0
   344 | D:1      | Learned a level 1 spell: Foxfire
   350 | D:1      | Reached skill level 4 in Ranged Weapons
   440 | D:1      | 440 ||| DROPPING scarf of invisibility.
   441 | D:1      | 441 ||| UPGRADING to +0 ring mail.
   451 | D:1      | 451 ||| DROPPING +0 leather armour.
   452 | D:1      | 452 ||| UPGRADING to amulet of reflection.
   457 | D:1      | 457 ||| READING scroll labelled ZENAOSS RESEIM.
   458 | D:1      | 458 ||| READING scroll labelled LYIVOQUSEE.
   462 | D:1      | 462 ||| READING scroll labelled JAHOURHYOPH.
   463 | D:1      | 463 ||| DROPPING scroll of butterflies.
   951 | D:2      | 951 ||| UPGRADING to +5 ring of evasion.
  1011 | D:3      | Reached skill level 1 in Armour
  1015 | D:3      | 1015 ||| DRINKING yellow potion.
  1016 | D:3      | 1016 ||| DRINKING cyan potion.
  1017 | D:3      | 1017 ||| DRINKING coppery potion.
  1025 | D:3      | Reached skill level 3 in Fighting
  1025 | D:3      | Reached XP level 4. HP: 23/35 MP: 0/0
  1247 | D:3      | Found a faded altar of an unknown god.
  1438 | D:3      | 1438 ||| READING scroll labelled CYRAST RAULITE.
  1471 | D:4      | Reached XP level 5. HP: 30/40 MP: 0/0
  1471 | D:4      | Learned a level 2 spell: Jinxbite
  1567 | D:4      | HP: 10/40 [gnoll/+0 halberd (7)]
  1570 | D:4      | Slain by a gnoll

Levels and vault maps discovered:
D:1:      dpeg_arrival_ternary, layout_rooms
D:2:      layout_basic
D:3:      layout_rooms, ebering_ecumenical_altar_box, eino_tiny_chamber,
          feat_on_display
D:4:      layout_gridville, evilmike_ruin_ashenzari

Skill      XL: |  1  2  3 |
---------------+----------+-----
Ranged Weapons | 4 |  4.6
Armour         | 1 |  1.0
Fighting       | 3 |  3.0
Dodging        | |  2.1
Stealth        | |  0.7

Action                     |  1- 3 |  4- 6 || total
---------------------------+-------+-------++-------
   Fire: Shortbow          |    76 |    68 ||   144
    Use: Scroll            |     3 |     1 ||     4
         Potion            |     3 |       ||     3
 Armour: Leather armour    |     5 |       ||     5
         Ring mail         |    14 |    12 ||    26
  Dodge: Dodged            |    18 |    31 ||    49
  Block: Other             |     3 |     7 ||    10

Table legend:
 A = Non-vault XP
 B = Vault XP
 C = Vault XP percentage of total XP
 D = Non-vault monster count
 E = Vault monster count
 F = Vault count percentage of total count
                 A         B        C        D         E       F
            +---------+---------+-------+---------+---------+-------
      Total |     187 |       0 |   0.0 |      45 |       0 |   0.0
            +---------+---------+-------+---------+---------+-------
        D:1 |      35 |       0 |   0.0 |      19 |       0 |   0.0
        D:2 |      13 |       0 |   0.0 |      10 |       0 |   0.0
        D:3 |      69 |       0 |   0.0 |      13 |       0 |   0.0
        D:4 |      70 |       0 |   0.0 |       3 |       0 |   0.0
            +---------+---------+-------+---------+---------+-------
